 Dungeon Crawl Stone Soup version 0.25-a0-404-gc1b5a34292 (webtiles) character file.

Game seed: 17400090573673306937, levelgen mode: deterministic

380 Multipenetrator the Covert (level 6, -7/46 HPs)
             Began as a Vampire Assassin on Jan 10, 2020.
             Killed by divine providence
             ... invoked by an orc priest
              (17 damage)
             ... on level 3 of the Dungeon.
             The game lasted 00:06:11 (1924 turns).

Multipenetrator the Covert (Vampire Assassin)       Turns: 1924, Time: 00:06:12

Health: -7/46      AC:  3    Str: 12    XL:     6   Next: 46%
Magic:  2/6        EV: 13    Int: 14    God:
Gold:   55         SH:  0    Dex: 15    Spells: 5/5 levels left

rFire    . . .     SeeInvis +   a - +2 dagger
rCold    . . .     Gourm    .   (no shield)
rNeg     . . .     Faith    .   b - +0 robe
rPois    .         Spirit   .   (no helmet)
rElec    .         Reflect  .   c - +0 cloak
rCorr    .         Harm     .   (no gloves)
MR       .....                  (no boots)
Stlth    ++++......             (no amulet)
HPRegen  0.35/turn              l - ring of flight
MPRegen  0.10/turn              (no ring)

@: regenerating quickly
A: no food, fangs 3, see invisible, unbreathing
a: Exsanguinate, Evoke Flight


You were on level 3 of the Dungeon.
You were alive.

You visited 1 branch of the dungeon, and saw 4 of its levels.

You collected 55 gold pieces.

Inventory:

Hand Weapons
 a - a +2 dagger (weapon)
Missiles
 d - 31 poisoned darts (quivered)
 e - 2 curare-tipped darts
Armour
 b - a +0 robe (worn)
 c - a +0 cloak (worn)
Jewellery
 l - a ring of flight (left hand)
Scrolls
 j - a scroll of magic mapping {unknown}
 m - a scroll of random uselessness {unknown}
 p - a scroll of immolation {unknown}
 r - 2 scrolls of amnesia
 s - a scroll of enchant armour {unknown}
 t - a scroll of enchant weapon {unknown}
Potions
 f - 2 potions of might {unknown}
 g - 2 potions of haste {unknown}
 h - a potion of curing {unknown}
 i - a potion of resistance {unknown}
 k - a potion of lignification
 n - a potion of heal wounds {unknown}
 o - 3 potions of agility {unknown}
 q - a potion of cancellation {unknown}


   Skills:
 + Level 2.4 Fighting
 * Level 4.6 Short Blades
 - Level 1.5 Throwing
 + Level 2.3 Dodging
 * Level 9.4 Stealth


You had 5 spell levels left.
You didn't know any spells.
Your spell library was empty.

Dungeon Overview and Level Annotations

Branches:
Dungeon (4/15)
 Temple: D:4-7

Altars:
Okawaru
Vehumet


Innate Abilities, Weirdness & Mutations

You do not eat.
Your natural rate of healing is unusually fast.
You have razor-sharp teeth.
You have supernaturally acute eyesight. (SInv)
You can survive without breathing.


Message History

You hit the orc priest.
You bite the orc priest, but do no damage.
The orc priest is heavily wounded.
The orc wizard hits you with a +0 dagger.
* * * LOW HITPOINT WARNING * * *
Unknown command.
You hit the orc priest.
The orc priest is severely wounded.
The orc priest misses you.
The orc hits you with a +2 antimagic mace!
* * * LOW HITPOINT WARNING * * *
You feel your power leaking away.
You hit the orc priest but do no damage.
You bite the orc priest.
The orc priest is severely wounded.
The orc wizard casts a spell at you. You resist with some effort.
The orc priest invokes the aid of Beogh against you.
Beogh smites you!
You die...

# #####.#.# # #.......# #
#.###...# # #...#...## #
###.#..).#
##########'#.#..################
.............#.....†...........#
....(........##oo#############.#
.............'.oV# #.#
..<..........########### #.#
.............# #.......# #.#
.............# #.#####.# #.#
.............# #.# #.# #.#
######+####### #.# #.# #.# #.#
#.# #.# #.# #.# #.# #.# #.# #.#


You could see an orc priest, an orc wizard (invisible) and an orc.

Vanquished Creatures
  Grinder (D:3)
  An orc wizard (D:2)
  Natasha (D:2)
  A killer bee zombie (D:3)
  5 adders
  An ooze (D:3)
  2 dart slugs (D:1)
  3 leopard geckos
  4 orcs
  A ball python (D:2)
  5 giant cockroaches
  3 goblins
  6 hobgoblins
  3 jackals (D:1)
  7 kobolds
  A quokka (D:1)
  2 bats (D:2)
  4 frilled lizards
  5 rats
56 creatures vanquished.

Notes
Turn   | Place    | Note
-------+----------+-------------------------------------------
     0 | D:1      | Multipenetrator the Vampire Assassin began the quest for
                  | the Orb.
     0 | D:1      | Reached XP level 1. HP: 16/16 MP: 1/1
    71 | D:1      | Reached skill level 6 in Stealth
   171 | D:1      | Reached XP level 2. HP: 19/22 MP: 2/2
   537 | D:1      | Reached XP level 3. HP: 26/27 MP: 3/3
   797 | D:2      | Noticed Natasha
   801 | D:2      | Killed Natasha
   801 | D:2      | Reached skill level 7 in Stealth
   871 | D:2      | Reached XP level 4. HP: 33/33 MP: 4/4
  1107 | D:2      | Reached skill level 8 in Stealth
  1165 | D:2      | Found a radiant altar of Vehumet.
  1165 | D:2      | Found an iron altar of Okawaru.
  1332 | D:3      | Reached XP level 5. HP: 38/38 MP: 5/5
  1498 | D:3      | Noticed Grinder
  1662 | D:3      | Killed Grinder
  1662 | D:3      | Reached skill level 9 in Stealth
  1662 | D:3      | Reached XP level 6. HP: 46/46 MP: 6/6
  1924 | D:3      | Killed from afar by an orc priest

Levels and vault maps discovered:
D:1:      psy_arrival_basics, layout_loops_ring, minmay_misc_feat_x
D:2:      layout_rooms, gammafunk_temple_overflow_elements, first_ration,
          uniq_natasha
D:3:      layout_basic, kennysheep_orc_chapel, uniq_grinder
D:4:      layout_rooms, nicolae_ashenzari_panopticon,
          minmay_temple_entry_overgrown, serial_shops, nicolae_shop_stone,
          kennysheep_cluttered_room, grunt_ministairs_12, uniq_menkaure

Skill      XL: |  1  2  3  4  5 |
---------------+----------------+-----
Stealth        | 6 7 8 9 |  9.4
Fighting       | 2 |  2.4
Short Blades   | 3 4 |  4.6
Dodging        | 2 |  2.3
Throwing       | |  1.5

Action                   |  1- 3 |  4- 6 || total
-------------------------+-------+-------++-------
Melee: Dagger            |    69 |   101 ||   170
       Bite              |     5 |    17 ||    22
  Use: Scroll            |       |     3 ||     3
 Stab: Sleeping          |     5 |    12 ||    17
Armor: Robe              |    14 |     7 ||    21
Dodge: Dodged            |    34 |    53 ||    87

Table legend:
 A = Non-vault XP
 B = Vault XP
 C = Vault XP percentage of total XP
 D = Non-vault monster count
 E = Vault monster count
 F = Vault count percentage of total count
                 A         B        C        D         E       F
            +---------+---------+-------+---------+---------+-------
      Total |     230 |     314 |  57.7 |      54 |       2 |   3.6
            +---------+---------+-------+---------+---------+-------
        D:1 |      56 |       0 |   0.0 |      23 |       0 |   0.0
        D:2 |     101 |      37 |  26.8 |      22 |       1 |   4.3
        D:3 |      70 |     277 |  79.8 |       8 |       1 |  11.1
        D:4 |       3 |       0 |   0.0 |       1 |       0 |   0.0
            +---------+---------+-------+---------+---------+-------
